 Dungeon Crawl Stone Soup version 0.28.0-53-g5a82cb258f (webtiles) character file.

Game seed: 968843223967464740

37 Sin92 the Magician (level 3, 0/37 HPs)
             Began as a Demonspawn Hedge Wizard on July 8, 2022.
             Succumbed to a kobold's curare-tipped dart
             ... on level 2 of the Dungeon.
             The game lasted 00:02:19 (1914 turns).

Sin92 the Magician (Demonspawn Hedge Wizard)        Turns: 1914, Time: 00:02:19

Health: 0/37       AC:  8    Str: 10    XL:     3   Next: 21%
Magic:  2/7        EV: 12    Int: 15    God:
Gold:   44         SH:  0    Dex: 14    Spells: 7/8 levels left

rFire   . . .      SeeInvis .   k - +1 whip (vamp)
rCold   . . .      Faith    .   (no shield)
rNeg    . . .      Spirit   .   b - +0 robe
rPois   .          Reflect  .   c - +0 hat
rElec   .          Harm     .   (no cloak)
rCorr   .          Rampage  .   (no gloves)
Will    .....                   (no boots)
Stlth   ..........              (no amulet)
HPRegen 0.12/turn               (no ring)
MPRegen 0.10/turn               (no ring)

@: mighty, brilliant, berserking, lethally poisoned (0 -> -8), sanguine
armoured, slowed
A: demonic guardian 1, sanguine armour 1
a: no special abilities


You were on level 2 of the Dungeon.
You visited 1 branch of the dungeon, and saw 2 of its levels.

You collected 44 gold pieces.

Inventory:

Hand Weapons
 a - a +0 dagger
 k - a +1 vampiric whip (weapon)
Armour
 b - a +0 robe (worn)
 c - a +0 hat (worn)
Scrolls
 d - a scroll of brand weapon {unknown}
 f - a scroll of noise {unknown}
 h - a scroll of identify {unknown}
 j - a scroll of teleportation {unknown}
Potions
 l - a potion of haste


   Skills:
 + Level 0.5 Fighting
 + Level 0.5 Short Blades
 + Level 0.7 Armour
 + Level 2.0 Dodging
 + Level 2.1 Stealth
 + Level 3.2 Spellcasting
 + Level 1.2 Conjurations
 + Level 1.2 Summonings
 + Level 1.1 Translocations


You had 7 spell levels left.
You knew the following spells:

 Your Spells              Type           Power      Damage    Failure   Level
a - Magic Dart            Conj           36%        1d4       12%         1

Your spell library contained the following spells:

 Spells                   Type           Power      Damage    Failure   Level
 Blink                    Tloc           16%        N/A       19%         2
 Call Imp                 Summ           9%         N/A       19%         2
 Slow                     Hex            12%        N/A       21%         1
 Conjure Flame            Conj/Fire      6%         6-21      41%         3
 Mephitic Cloud           Conj/Pois/Air  5%         N/A       45%         3


Dungeon Overview and Level Annotations

Branches:
Dungeon (2/15)

Altars:

Shops:
D:2 ?


Innate Abilities, Weirdness & Mutations

A weak demonic guardian rushes to your aid.
When seriously injured, your blood forms armour. (AC +6)


Message History

A kobold comes into view. It is wielding a +1 vampiric whip.
The kobold drinks a potion.
The kobold seems to speed up.
You barely miss the kobold.
Your ufetubus disappears in a puff of smoke!
The kobold hits you with a +1 vampiric whip.
A demonic guardian appears!
Your blood congeals into armour.
You closely miss the kobold. The kobold closely misses you.
The kobold completely misses you.
You barely miss the kobold. Your ufetubus hits the kobold.
Your ufetubus barely misses the kobold.
The kobold hits you but does no damage.
Your ufetubus misses the kobold.
Your ufetubus hits the kobold but does no damage.
Your magical contamination has completely faded away.
You hit the kobold.
You kill the kobold!
No target in view!
A kobold comes into view.
It is wielding a +0 short sword and quivering curare-tipped darts.
Things that are here:
a +1 vampiric whip; a potion of haste; a kobold corpse
k - a +1 vampiric whip;
l - a potion of haste Unknown command.
You feel a sense of dread.
k - a +1 vampiric whip (weapon)
Your blood armour dries and flakes away.
The kobold throws a curare-tipped dart.
The curare-tipped dart hits you.
You are lethally poisoned!
You have difficulty breathing.
Your blood congeals into armour.
You feel yourself slow down.
It was a potion of might.
You feel very mighty all of a sudden.
* * * LOW HITPOINT WARNING * * *
You feel very sick.
It was a potion of brilliance.
You feel clever all of a sudden.
* * * LOW HITPOINT WARNING * * *
You feel very sick.
It was a potion of berserk rage.
A red film seems to cover your vision as you go berserk!
You feel yourself moving faster!
You feel mighty!
You die...

......##.......##
......######....#
#..†.#######
#..........#
###..†.......#
.#(...........#
...'..........##
...#..........#
.. #..∩..5@...# .
#..........#
#..........#
#.........K#
#............
#.............
####'###.......
.. .......


You could see a kobold and a friendly ufetubus (summoned).

Vanquished Creatures
  An endoplasm (D:1)
  A giant cockroach (D:1)
  2 goblins (D:1)
  A hobgoblin (D:2)
  4 jackals (D:2)
  2 quokkas (D:1)
  7 ball pythons
  3 bats (D:1)
  3 kobolds
  3 rats
27 creatures vanquished.

Vanquished Creatures (collateral kills)
  A hobgoblin (D:2)
  3 jackals (D:2)
  A frilled lizard (D:2)
5 creatures vanquished.

Grand Total: 32 creatures vanquished

Notes
Turn   | Place    | Note
-------+----------+-------------------------------------------
     0 | D:1      | Sin92 the Demonspawn Hedge Wizard began the quest for the
                  | Orb.
     0 | D:1      | Reached XP level 1. HP: 13/13 MP: 4/4
   283 | D:1      | Reached skill level 1 in Translocations
   557 | D:1      | Gained mutation: A weak demonic guardian rushes to your
                  | aid. [demonic ancestry]
   557 | D:1      | Reached XP level 2. HP: 10/19 MP: 3/6
  1752 | D:2      | Gained mutation: When seriously injured, your blood forms
                  | armour. (AC +6) [demonic ancestry]
  1752 | D:2      | Reached XP level 3. HP: 18/25 MP: 3/7
  1889 | D:2      | Found Rulleanukia's Magic Scroll Emporium.
  1913 | D:2      | HP: 1/25 [poisoned by a kobold (curare-tipped dart)]
  1914 | D:2      | Succumbed to a kobold's curare-tipped dart

Illustrated notes

Levels and vault maps discovered:
D:1:      lightli_arrival_isolated_outpost, layout_loops_corners
D:2:      layout_basic, ebering_ecumenical_altar_mist, serial_shops, shop

Skill      XL: |  1  2 |
---------------+-------+-----
Translocations | 1 |  1.1
Stealth        | 2 |  2.1
Dodging        | 2 |  2.0
Fighting       | |  0.5
Short Blades   | |  0.5
Armour         | |  0.7
Spellcasting   | |  3.2
Conjurations   | |  1.2
Summonings     | |  1.2

Action                   || total
-------------------------++-------
Melee: Dagger            ||    87
       Punch             ||     3
 Cast: Magic Dart        ||    44
  Use: Potion            ||     3
 Stab: Sleeping          ||     1
Armor: Robe              ||    23
Dodge: Dodged            ||    60
